Sharks vs Jets

Created - December 17 2011 at 11:39

Goals
1 2 3 T
Sharks 3 0 0 3
Jets 1 0 0 1
Shots
1 2 3 T
Sharks 14 8 2 24
Jets 5 11 9 25

Period #1

1. Sharks , Johnny Boychuk 7 (Tyler Ennis, Alex Tanguay) at 1:06 (PP)
2. Jets , James Wisniewski 2 (Martin Erat, Frans Nielsen) at 7:20 (PP)
3. Sharks , Eric Belanger 3 (Pierre-Alexandre Parenteau, Bryan McCabe) at 10:20
4. Sharks , Jeff Skinner 17 (Bryan McCabe, Pierre-Alexandre Parenteau) at 17:41

Penalties :
Christian Ehrhoff (WPG) for Hooking (Minor) at 0:26, Alex Goligoski (WPG) for Holding (Minor) at 4:09, Mark Stuart (SJS) for Hooking (Minor) at 6:41, Lauri Korpikoski (SJS) for Holding (Minor) at 12:08, Bryan McCabe (SJS) for Interference (Minor) at 14:46, Jarret Stoll (SJS) for Hooking (Minor) at 19:42

Period #2

No Goal

Penalties :
Ryan Callahan (WPG) for Interference (Minor) at 2:25, Lauri Korpikoski (SJS) for Hooking (Minor) at 6:02, Johnny Boychuk (SJS) for Hooking (Minor) at 9:17

Period #3

No Goal

Penalties :
Christian Ehrhoff (WPG) for Roughing (Minor) at 6:28, Shane OBrien (SJS) for Holding (Minor) at 11:06

Goalie Stats

Scott Clemmensen (SJS), 24 saves from 25 shots - (0.960), W, 2-3-1, 60:00 minutes
Ilya Bryzgalov (WPG), 21 saves from 24 shots - (0.875), L, 16-12-4, 60:00 minutes

Players Stats

Sharks
Player Name              G  A  P  +/- PIM S  H  SB FO    MP 
------------------------------------------------------------
Alex Tanguay             0  1  1   0  0   2  1  0  0/2   20 
Anthony Stewart          0  0  0   0  0   2  0  0  0/0   9  
Blake Comeau             0  0  0   0  0   1  0  0  2/2   12 
Bryan McCabe             0  2  2   2  2   2  0  0  0/0   21 
David Moss               0  0  0   1  0   1  3  0  6/11  19 
Eric Belanger            1  0  1   2  0   1  0  0  11/17 15 
Francois Beauchemin      0  0  0   0  0   1  1  0  0/0   23 
Jarret Stoll             0  0  0   0  2   1  0  0  19/27 17 
Jeff Skinner             1  0  1   1  0   4  0  0  7/28  21 
Johnny Boychuk           1  0  1   0  2   2  2  0  0/0   23 
Lauri Korpikoski         0  0  0   0  4   0  0  1  0/1   13 
Marek Zidlicky           0  0  0   0  0   2  0  0  0/0   23 
Mark Stuart              0  0  0   1  2   0  1  1  0/0   13 
Pierre-Alexandre Parente 0  2  2   2  0   3  1  0  0/2   11 
Shane Doan               0  0  0   0  0   2  0  1  1/2   14 
Shane OBrien             0  0  0   1  2   0  0  0  0/0   14 
Tyler Ennis              0  1  1   0  0   0  1  0  0/2   18 
Vladimir Sobotka         0  0  0   0  0   0  0  0  0/0   0  
Jets
Player Name              G  A  P  +/- PIM S  H  SB FO    MP 
------------------------------------------------------------
Alex Goligoski           0  0  0   0  2   0  3  0  0/0   15 
Andrei Loktionov         0  0  0   0  0   0  0  0  0/0   1  
Antoine Vermette         0  0  0   0  0   0  0  0  3/7   5  
Brian Boyle              0  0  0  -1  0   2  4  0  12/17 16 
Christian Ehrhoff        0  0  0   0  4   2  1  0  0/0   21 
Clarke MacArthur         0  0  0  -1  0   3  0  0  0/0   16 
Colby Armstrong          0  0  0  -1  0   3  0  0  0/0   16 
Erik Cole                0  0  0  -1  0   3  0  0  2/2   15 
Frans Nielsen            0  1  1   0  0   0  0  0  15/34 21 
James Wisniewski         1  0  1  -1  0   1  0  0  0/0   18 
Jordan Caron             0  0  0   0  0   0  0  0  0/1   7  
Marc Staal               0  0  0  -1  0   0  2  1  0/0   20 
Mark Giordano            0  0  0  -1  0   2  2  3  0/0   22 
Martin Erat              0  1  1   0  0   2  0  0  0/1   19 
Mike Ribeiro             0  0  0  -1  0   1  0  0  16/30 19 
Ryan Callahan            0  0  0  -1  2   3  4  0  0/2   21 
Ryan Malone              0  0  0   0  0   1  2  0  0/0   19 
Ryan Suter               0  0  0  -1  0   2  1  0  0/0   22 

3 Stars

1 - Scott Clemmensen (SJS)
2 - Pierre-Alexandre Parenteau (SJS)
3 - Eric Belanger (SJS)

Power Play

Sharks - 1 on 4 Attempt(s) - 25.00%
Jets - 1 on 7 Attempt(s) - 14.29%

Penalty Kill

Sharks - 6 on 7 Attempt(s) - 85.71% - Score 0 goal in Penalty Kill
Jets - 3 on 4 Attempt(s) - 75.00% - Score 0 goal in Penalty Kill

Game Notes

No Game Note

Finance

Level 1 -- Attendance: 6000 (100.00%) -- Ticket Income $540,000.00
Level 2 -- Attendance: 4907 (98.14%) -- Ticket Income $230,629.00
Level 3 -- Attendance: 2200 (100.00%) -- Ticket Income $72,600.00
Level 4 -- Attendance: 1015 (100.00%) -- Ticket Income $23,345.00
Luxury Box -- Attendance: 800 (100.00%) -- Ticket Income $136,000.00
Game was played at the MTS Center
Total Attendance: 14922 (99.38%)
Total Ticket Income: $1,083,580.00
Other Income: $209,190.90
Total Income: $1,292,771.00


Play by Play

Period #1

0:01 of 1st period - Erik Cole wins face-off versus Jeff Skinner in neutral zone.
0:09 of 1st period - Icing by Alex Tanguay.
0:10 of 1st period - Jeff Skinner wins face-off versus Frans Nielsen in Sharks zone.
0:26 of 1st period - Minor Penalty to Christian Ehrhoff for Hooking.
0:27 of 1st period - Jarret Stoll wins face-off versus Mike Ribeiro in Jets zone.
0:37 of 1st period - Shane Doan is hit by Ryan Suter and loses puck.
0:44 of 1st period - Shot by Bryan McCabe.
0:44 of 1st period - Stopped by Ilya Bryzgalov without a rebound.
0:45 of 1st period - Frans Nielsen wins face-off versus Jeff Skinner in Jets zone.
1:04 of 1st period - Shot by Tyler Ennis.
1:04 of 1st period - Shot Blocked by Mark Giordano.
1:06 of 1st period - Shot by Johnny Boychuk.
1:06 of 1st period - Goal by Johnny Boychuk - Sharks : 1 - Jets : 0.
1:07 of 1st period - Eric Belanger wins face-off versus Frans Nielsen in neutral zone.
2:32 of 1st period - Icing by Clarke MacArthur.
2:33 of 1st period - Brian Boyle wins face-off versus Jeff Skinner in Jets zone.
3:47 of 1st period - Shot by Shane Doan.
3:47 of 1st period - Stopped by Ilya Bryzgalov without a rebound.
3:48 of 1st period - David Moss wins face-off versus Frans Nielsen in Jets zone.
3:48 of 1st period - Marek Zidlicky is hit by Christian Ehrhoff and loses puck.
3:52 of 1st period - Lauri Korpikoski is hit by Alex Goligoski.
4:02 of 1st period - Shot by Anthony Stewart.
4:02 of 1st period - Shot Misses the Net.
4:09 of 1st period - Minor Penalty to Alex Goligoski for Holding.
4:10 of 1st period - Mike Ribeiro wins face-off versus Jeff Skinner in Jets zone.
4:27 of 1st period - Shot by Johnny Boychuk.
4:27 of 1st period - Shot Misses the Net.
4:29 of 1st period - Shot by Francois Beauchemin.
4:29 of 1st period - Stopped by Ilya Bryzgalov without a rebound.
4:30 of 1st period - Shane Doan wins face-off versus Mike Ribeiro in Jets zone.
4:39 of 1st period - Shot by Blake Comeau.
4:39 of 1st period - Shot Misses the Net.
5:40 of 1st period - Shot by Jeff Skinner.
5:40 of 1st period - Stopped by Ilya Bryzgalov without a rebound.
5:41 of 1st period - Frans Nielsen wins face-off versus Jeff Skinner in Jets zone.
5:58 of 1st period - Shot by Jeff Skinner.
5:58 of 1st period - Stopped by Ilya Bryzgalov with a rebound.
6:00 of 1st period - Shot by Johnny Boychuk.
6:00 of 1st period - Stopped by Ilya Bryzgalov without a rebound.
6:01 of 1st period - Jarret Stoll wins face-off versus Mike Ribeiro in Jets zone.
6:41 of 1st period - Minor Penalty to Mark Stuart for Hooking.
6:42 of 1st period - Eric Belanger wins face-off versus Martin Erat in Sharks zone.
6:50 of 1st period - Icing by Ryan Malone.
6:51 of 1st period - Jarret Stoll wins face-off versus Frans Nielsen in Jets zone.
7:20 of 1st period - Shot by James Wisniewski.
7:20 of 1st period - Goal by James Wisniewski - Sharks : 1 - Jets : 1.
7:21 of 1st period - Mike Ribeiro wins face-off versus Tyler Ennis in neutral zone.
9:24 of 1st period - Shot by Bryan McCabe.
9:24 of 1st period - Stopped by Ilya Bryzgalov without a rebound.
9:25 of 1st period - Eric Belanger wins face-off versus Antoine Vermette in Jets zone.
9:28 of 1st period - Shot by Pierre-Alexandre Parenteau.
9:28 of 1st period - Stopped by Ilya Bryzgalov without a rebound.
9:29 of 1st period - David Moss wins face-off versus Frans Nielsen in Jets zone.
9:33 of 1st period - Icing by Christian Ehrhoff.
9:34 of 1st period - Eric Belanger wins face-off versus Frans Nielsen in Jets zone.
9:43 of 1st period - Icing by Alex Goligoski.
9:44 of 1st period - Frans Nielsen wins face-off versus David Moss in Jets zone.
10:00 of 1st period - Shot by David Moss.
10:00 of 1st period - Stopped by Ilya Bryzgalov without a rebound.
10:01 of 1st period - Mike Ribeiro wins face-off versus Eric Belanger in Jets zone.
10:20 of 1st period - Shot by Eric Belanger.
10:20 of 1st period - Goal by Eric Belanger - Sharks : 2 - Jets : 1.
10:21 of 1st period - Blake Comeau wins face-off versus Frans Nielsen in neutral zone.
10:46 of 1st period - Jarret Stoll is hit by Ryan Malone and loses puck.
10:58 of 1st period - Icing by Bryan McCabe.
10:59 of 1st period - Jarret Stoll wins face-off versus Mike Ribeiro in Sharks zone.
11:18 of 1st period - Icing by Francois Beauchemin.
11:19 of 1st period - David Moss wins face-off versus Brian Boyle in Sharks zone.
11:26 of 1st period - Shot by Anthony Stewart.
11:26 of 1st period - Stopped by Ilya Bryzgalov without a rebound.
11:27 of 1st period - Brian Boyle wins face-off versus Jeff Skinner in Jets zone.
11:58 of 1st period - Shot by Colby Armstrong.
11:58 of 1st period - Stopped by Scott Clemmensen without a rebound.
11:59 of 1st period - David Moss wins face-off versus Mike Ribeiro in Sharks zone.
11:59 of 1st period - David Moss is hit by Ryan Callahan.
12:08 of 1st period - Minor Penalty to Lauri Korpikoski for Holding.
12:09 of 1st period - Jarret Stoll wins face-off versus Mike Ribeiro in Sharks zone.
12:44 of 1st period - Shot by Christian Ehrhoff.
12:44 of 1st period - Shot Hit the Post.
12:48 of 1st period - Shot by Erik Cole.
12:48 of 1st period - Stopped by Scott Clemmensen without a rebound.
12:49 of 1st period - Eric Belanger wins face-off versus Frans Nielsen in Sharks zone.
13:15 of 1st period - Icing by James Wisniewski.
13:16 of 1st period - Frans Nielsen wins face-off versus David Moss in Jets zone.
14:07 of 1st period - Shot by Christian Ehrhoff.
14:07 of 1st period - Shot Misses the Net.
14:25 of 1st period - Shot by Jarret Stoll.
14:25 of 1st period - Shot Blocked by Marc Staal.
14:27 of 1st period - Shot by Shane Doan.
14:27 of 1st period - Stopped by Ilya Bryzgalov with a rebound.
14:46 of 1st period - Minor Penalty to Bryan McCabe for Interference.
14:47 of 1st period - Mike Ribeiro wins face-off versus Jeff Skinner in Sharks zone.
14:48 of 1st period - Shot by Ryan Callahan.
14:48 of 1st period - Shot Blocked by Mark Stuart.
14:54 of 1st period - Alex Goligoski is hit by David Moss and loses puck.
15:04 of 1st period - Icing by Christian Ehrhoff.
15:05 of 1st period - Mike Ribeiro wins face-off versus Eric Belanger in Jets zone.
16:04 of 1st period - Shot by Ryan Malone.
16:04 of 1st period - Stopped by Scott Clemmensen without a rebound.
16:05 of 1st period - Jarret Stoll wins face-off versus Frans Nielsen in Sharks zone.
16:11 of 1st period - Icing by Ryan Malone.
16:12 of 1st period - Frans Nielsen wins face-off versus Jarret Stoll in Jets zone.
16:20 of 1st period - Mark Stuart is hit by Ryan Malone and loses puck.
17:01 of 1st period - Shot by Clarke MacArthur.
17:01 of 1st period - Stopped by Scott Clemmensen without a rebound.
17:02 of 1st period - Eric Belanger wins face-off versus Antoine Vermette in Sharks zone.
17:20 of 1st period - Icing by Eric Belanger.
17:21 of 1st period - Eric Belanger wins face-off versus Brian Boyle in Sharks zone.
17:41 of 1st period - Shot by Jeff Skinner.
17:41 of 1st period - Goal by Jeff Skinner - Sharks : 3 - Jets : 1.
17:42 of 1st period - Frans Nielsen wins face-off versus Jeff Skinner in neutral zone.
19:15 of 1st period - Icing by Mark Stuart.
19:16 of 1st period - Brian Boyle wins face-off versus Eric Belanger in Sharks zone.
19:42 of 1st period - Minor Penalty to Jarret Stoll for Hooking.
19:43 of 1st period - Eric Belanger wins face-off versus Ryan Callahan in Sharks zone.
19:56 of 1st period - Shot by Mike Ribeiro.
19:56 of 1st period - Deflect By Erik Cole.
19:56 of 1st period - Shot Misses the Net.

Period #2

0:01 of 2nd period - Mike Ribeiro wins face-off versus Eric Belanger in neutral zone.
0:09 of 2nd period - Erik Cole is hit by Johnny Boychuk.
1:12 of 2nd period - Icing by Mark Giordano.
1:13 of 2nd period - Frans Nielsen wins face-off versus Jeff Skinner in Jets zone.
1:32 of 2nd period - Shot by Mark Giordano.
1:32 of 2nd period - Stopped by Scott Clemmensen with a rebound.
1:34 of 2nd period - Shot by Ryan Malone.
1:34 of 2nd period - Shot Misses the Net.
1:36 of 2nd period - Shot by James Wisniewski.
1:36 of 2nd period - Shot Misses the Net.
1:44 of 2nd period - Shot by Martin Erat.
1:44 of 2nd period - Shot Misses the Net.
1:58 of 2nd period - Shot by Shane Doan.
1:58 of 2nd period - Shot Blocked by Mark Giordano.
2:02 of 2nd period - Shot by Jarret Stoll.
2:02 of 2nd period - Stopped by Ilya Bryzgalov without a rebound.
2:03 of 2nd period - Jeff Skinner wins face-off versus Antoine Vermette in Jets zone.
2:25 of 2nd period - Minor Penalty to Ryan Callahan for Interference.
2:26 of 2nd period - Jarret Stoll wins face-off versus Mike Ribeiro in Jets zone.
2:27 of 2nd period - Shot by Marek Zidlicky.
2:27 of 2nd period - Stopped by Ilya Bryzgalov without a rebound.
2:28 of 2nd period - Jarret Stoll wins face-off versus Frans Nielsen in Jets zone.
2:38 of 2nd period - Icing by Bryan McCabe.
2:39 of 2nd period - Mike Ribeiro wins face-off versus Jarret Stoll in Sharks zone.
2:46 of 2nd period - Shot by Mark Giordano.
2:46 of 2nd period - Shot Blocked by Shane Doan.
3:17 of 2nd period - Off-side.
3:18 of 2nd period - Frans Nielsen wins face-off versus Jeff Skinner in neutral zone.
3:20 of 2nd period - Off-side.
3:21 of 2nd period - Jeff Skinner wins face-off versus Frans Nielsen in neutral zone.
3:27 of 2nd period - Alex Tanguay is hit by Marc Staal and loses puck.
5:45 of 2nd period - Anthony Stewart is hit by Mark Giordano and loses puck.
6:02 of 2nd period - Minor Penalty to Lauri Korpikoski for Hooking.
6:03 of 2nd period - Mike Ribeiro wins face-off versus Eric Belanger in Sharks zone.
6:16 of 2nd period - Shot by Christian Ehrhoff.
6:16 of 2nd period - Shot Misses the Net.
6:18 of 2nd period - Shot by Ryan Suter.
6:18 of 2nd period - Shot Misses the Net.
6:24 of 2nd period - Shot by Christian Ehrhoff.
6:24 of 2nd period - Shot Misses the Net.
6:26 of 2nd period - Shot by Mike Ribeiro.
6:26 of 2nd period - Shot Misses the Net.
6:30 of 2nd period - Shot by Ryan Callahan.
6:30 of 2nd period - Stopped by Scott Clemmensen without a rebound.
6:31 of 2nd period - Frans Nielsen wins face-off versus Jarret Stoll in Sharks zone.
6:56 of 2nd period - Shot by Mark Giordano.
6:56 of 2nd period - Stopped by Scott Clemmensen without a rebound.
6:57 of 2nd period - Jarret Stoll wins face-off versus Mike Ribeiro in Sharks zone.
9:16 of 2nd period - Icing by Francois Beauchemin.
9:17 of 2nd period - Frans Nielsen wins face-off versus Jeff Skinner in Sharks zone.
9:17 of 2nd period - Minor Penalty to Johnny Boychuk for Hooking.
9:18 of 2nd period - Mike Ribeiro wins face-off versus Jarret Stoll in Sharks zone.
9:34 of 2nd period - Shot by Ryan Suter.
9:34 of 2nd period - Stopped by Scott Clemmensen without a rebound.
9:35 of 2nd period - Jarret Stoll wins face-off versus Frans Nielsen in Sharks zone.
10:24 of 2nd period - Shot by Christian Ehrhoff.
10:24 of 2nd period - Stopped by Scott Clemmensen without a rebound.
10:25 of 2nd period - Eric Belanger wins face-off versus Mike Ribeiro in Sharks zone.
10:40 of 2nd period - Shot by Ryan Suter.
10:40 of 2nd period - Shot Misses the Net.
10:44 of 2nd period - Shot by Erik Cole.
10:44 of 2nd period - Shot Misses the Net.
10:46 of 2nd period - Shot by Erik Cole.
10:46 of 2nd period - Deflect By Ryan Callahan.
10:46 of 2nd period - Stopped by Scott Clemmensen with a rebound.
10:50 of 2nd period - Shot by Christian Ehrhoff.
10:50 of 2nd period - Stopped by Scott Clemmensen without a rebound.
10:51 of 2nd period - Eric Belanger wins face-off versus Frans Nielsen in Sharks zone.
11:18 of 2nd period - Shot by Clarke MacArthur.
11:18 of 2nd period - Shot Misses the Net.
11:42 of 2nd period - Shot by Jeff Skinner.
11:42 of 2nd period - Stopped by Ilya Bryzgalov without a rebound.
11:43 of 2nd period - Blake Comeau wins face-off versus Mike Ribeiro in Jets zone.
12:38 of 2nd period - Icing by Johnny Boychuk.
12:39 of 2nd period - Brian Boyle wins face-off versus Jeff Skinner in Sharks zone.
12:39 of 2nd period - Marc Staal is hit by Johnny Boychuk and loses puck.
14:03 of 2nd period - Icing by Shane OBrien.
14:04 of 2nd period - David Moss wins face-off versus Antoine Vermette in Sharks zone.
14:04 of 2nd period - Marek Zidlicky is hit by Ryan Callahan and loses puck.
14:43 of 2nd period - Icing by Shane OBrien.
14:44 of 2nd period - Frans Nielsen wins face-off versus David Moss in Sharks zone.
15:42 of 2nd period - Shot by Clarke MacArthur.
15:42 of 2nd period - Stopped by Scott Clemmensen with a rebound.
15:58 of 2nd period - Shot by Brian Boyle.
15:58 of 2nd period - Stopped by Scott Clemmensen with a rebound.
16:02 of 2nd period - Shot by Clarke MacArthur.
16:02 of 2nd period - Stopped by Scott Clemmensen with a rebound.
16:06 of 2nd period - Shot by Colby Armstrong.
16:06 of 2nd period - Stopped by Scott Clemmensen without a rebound.
16:07 of 2nd period - Mike Ribeiro wins face-off versus Alex Tanguay in Sharks zone.
16:07 of 2nd period - Mike Ribeiro is hit by Mark Stuart.
16:29 of 2nd period - Shot by Alex Tanguay.
16:29 of 2nd period - Stopped by Ilya Bryzgalov without a rebound.
16:30 of 2nd period - Jarret Stoll wins face-off versus Jordan Caron in Jets zone.
16:35 of 2nd period - Shot by Jarret Stoll.
16:35 of 2nd period - Shot Misses the Net.
16:37 of 2nd period - Shot by Blake Comeau.
16:37 of 2nd period - Stopped by Ilya Bryzgalov without a rebound.
16:38 of 2nd period - Brian Boyle wins face-off versus Jarret Stoll in Jets zone.
16:57 of 2nd period - Shot by Pierre-Alexandre Parenteau.
16:57 of 2nd period - Stopped by Ilya Bryzgalov without a rebound.
16:58 of 2nd period - Jeff Skinner wins face-off versus Mike Ribeiro in Jets zone.
17:11 of 2nd period - Shot by Jeff Skinner.
17:11 of 2nd period - Deflect By Tyler Ennis.
17:11 of 2nd period - Shot Misses the Net.
17:13 of 2nd period - Shot by Alex Tanguay.
17:13 of 2nd period - Stopped by Ilya Bryzgalov without a rebound.
17:14 of 2nd period - David Moss wins face-off versus Frans Nielsen in Jets zone.
18:10 of 2nd period - James Wisniewski is hit by Alex Tanguay and loses puck.
18:37 of 2nd period - Shot by Pierre-Alexandre Parenteau.
18:37 of 2nd period - Stopped by Ilya Bryzgalov without a rebound.
18:38 of 2nd period - Brian Boyle wins face-off versus Pierre-Alexandre Parenteau in Jets zone.
19:25 of 2nd period - Icing by Bryan McCabe.
19:26 of 2nd period - Frans Nielsen wins face-off versus Jarret Stoll in Sharks zone.
19:47 of 2nd period - Shot by Ryan Malone.
19:47 of 2nd period - Shot Hit the Post.

Period #3

0:01 of 3rd period - Mike Ribeiro wins face-off versus Jeff Skinner in neutral zone.
0:25 of 3rd period - Icing by James Wisniewski.
0:26 of 3rd period - Jarret Stoll wins face-off versus Mike Ribeiro in Jets zone.
0:29 of 3rd period - Shot by Shane Doan.
0:29 of 3rd period - Shot Misses the Net.
0:32 of 3rd period - Icing by James Wisniewski.
0:33 of 3rd period - Mike Ribeiro wins face-off versus Lauri Korpikoski in Jets zone.
0:46 of 3rd period - Shot by Erik Cole.
0:46 of 3rd period - Shot Misses the Net.
2:19 of 3rd period - Shot by Clarke MacArthur.
2:19 of 3rd period - Deflect By Colby Armstrong.
2:19 of 3rd period - Stopped by Scott Clemmensen without a rebound.
2:20 of 3rd period - Antoine Vermette wins face-off versus Jeff Skinner in Sharks zone.
2:24 of 3rd period - Icing by Johnny Boychuk.
2:25 of 3rd period - Antoine Vermette wins face-off versus Alex Tanguay in Sharks zone.
2:28 of 3rd period - Shot by Ryan Callahan.
2:28 of 3rd period - Stopped by Scott Clemmensen without a rebound.
2:29 of 3rd period - Mike Ribeiro wins face-off versus Jeff Skinner in Sharks zone.
2:41 of 3rd period - Icing by Johnny Boychuk.
2:42 of 3rd period - Jeff Skinner wins face-off versus Brian Boyle in Sharks zone.
2:42 of 3rd period - Jeff Skinner is hit by Brian Boyle.
2:45 of 3rd period - Tyler Ennis is hit by Brian Boyle.
2:46 of 3rd period - Off-side.
2:47 of 3rd period - Frans Nielsen wins face-off versus Jeff Skinner in neutral zone.
3:02 of 3rd period - Shot by Martin Erat.
3:02 of 3rd period - Stopped by Scott Clemmensen without a rebound.
3:03 of 3rd period - Jarret Stoll wins face-off versus Mike Ribeiro in Sharks zone.
3:07 of 3rd period - Icing by Shane Doan.
3:08 of 3rd period - Jarret Stoll wins face-off versus Brian Boyle in Sharks zone.
3:30 of 3rd period - Colby Armstrong is hit by Francois Beauchemin and loses puck.
4:10 of 3rd period - Icing by Mike Ribeiro.
4:11 of 3rd period - Erik Cole wins face-off versus Jeff Skinner in Jets zone.
4:16 of 3rd period - Shot by Ryan Suter.
4:16 of 3rd period - Shot Misses the Net.
5:21 of 3rd period - Shot by Martin Erat.
5:21 of 3rd period - Stopped by Scott Clemmensen without a rebound.
5:22 of 3rd period - Brian Boyle wins face-off versus David Moss in Sharks zone.
6:00 of 3rd period - Icing by Marc Staal.
6:01 of 3rd period - Brian Boyle wins face-off versus Jeff Skinner in Jets zone.
6:19 of 3rd period - Jeff Skinner is hit by Alex Goligoski and loses puck.
6:27 of 3rd period - Alex Tanguay is hit by Alex Goligoski and loses puck.
6:28 of 3rd period - Minor Penalty to Christian Ehrhoff for Roughing.
6:29 of 3rd period - Jarret Stoll wins face-off versus Frans Nielsen in Jets zone.
6:34 of 3rd period - Shot by Marek Zidlicky.
6:34 of 3rd period - Stopped by Ilya Bryzgalov without a rebound.
6:35 of 3rd period - Jarret Stoll wins face-off versus Mike Ribeiro in Jets zone.
6:38 of 3rd period - Shot by Shane Doan.
6:38 of 3rd period - Shot Misses the Net.
6:42 of 3rd period - Shot by Bryan McCabe.
6:42 of 3rd period - Shot Blocked by Mark Giordano.
7:04 of 3rd period - Shot by Blake Comeau.
7:04 of 3rd period - Shot Misses the Net.
7:08 of 3rd period - Shot by Jarret Stoll.
7:08 of 3rd period - Shot Misses the Net.
9:07 of 3rd period - Martin Erat is hit by David Moss and loses puck.
9:19 of 3rd period - Icing by Christian Ehrhoff.
9:20 of 3rd period - Frans Nielsen wins face-off versus Jeff Skinner in Jets zone.
10:05 of 3rd period - Shot by Mike Ribeiro.
10:05 of 3rd period - Deflect By Erik Cole.
10:05 of 3rd period - Shot Blocked by Lauri Korpikoski.
10:07 of 3rd period - Shot by Mike Ribeiro.
10:07 of 3rd period - Stopped by Scott Clemmensen without a rebound.
10:08 of 3rd period - Brian Boyle wins face-off versus Shane Doan in Sharks zone.
10:38 of 3rd period - Shane Doan is hit by Mark Giordano and loses puck.
10:42 of 3rd period - Shane Doan is hit by Marc Staal and loses puck.
10:50 of 3rd period - Icing by Marc Staal.
10:51 of 3rd period - Brian Boyle wins face-off versus David Moss in Jets zone.
10:51 of 3rd period - Brian Boyle is hit by David Moss.
11:06 of 3rd period - Minor Penalty to Shane OBrien for Holding.
11:07 of 3rd period - Mike Ribeiro wins face-off versus Eric Belanger in Sharks zone.
11:40 of 3rd period - Shot by Ryan Suter.
11:40 of 3rd period - Stopped by Scott Clemmensen without a rebound.
11:41 of 3rd period - Eric Belanger wins face-off versus Frans Nielsen in Sharks zone.
12:46 of 3rd period - Shot by Erik Cole.
12:46 of 3rd period - Stopped by Scott Clemmensen without a rebound.
12:47 of 3rd period - Mike Ribeiro wins face-off versus Jarret Stoll in Sharks zone.
13:19 of 3rd period - Shot by Brian Boyle.
13:19 of 3rd period - Stopped by Scott Clemmensen without a rebound.
13:20 of 3rd period - Jarret Stoll wins face-off versus Frans Nielsen in Sharks zone.
13:26 of 3rd period - Icing by Martin Erat.
13:27 of 3rd period - Jeff Skinner wins face-off versus Frans Nielsen in Jets zone.
15:18 of 3rd period - Icing by James Wisniewski.
15:19 of 3rd period - Antoine Vermette wins face-off versus Jeff Skinner in Jets zone.
15:19 of 3rd period - Antoine Vermette is hit by Tyler Ennis.
15:24 of 3rd period - Icing by James Wisniewski.
15:25 of 3rd period - Jarret Stoll wins face-off versus Ryan Callahan in Jets zone.
15:42 of 3rd period - Marek Zidlicky is hit by Ryan Callahan and loses puck.
15:54 of 3rd period - Icing by Mark Giordano.
15:55 of 3rd period - Brian Boyle wins face-off versus Jeff Skinner in Jets zone.
16:00 of 3rd period - Tyler Ennis is hit by Brian Boyle and loses puck.
16:14 of 3rd period - Tyler Ennis is hit by Brian Boyle and loses puck.
17:14 of 3rd period - Icing by Christian Ehrhoff.
17:15 of 3rd period - Frans Nielsen wins face-off versus Pierre-Alexandre Parenteau in Jets zone.
17:15 of 3rd period - Frans Nielsen is hit by Pierre-Alexandre Parenteau.
17:30 of 3rd period - Shot by Anthony Stewart.
17:30 of 3rd period - Stopped by Ilya Bryzgalov without a rebound.
17:31 of 3rd period - Mike Ribeiro wins face-off versus Tyler Ennis in Jets zone.
17:36 of 3rd period - Jeff Skinner is hit by Ryan Callahan.
17:58 of 3rd period - Shot by Erik Cole.
17:58 of 3rd period - Shot Misses the Net.
18:02 of 3rd period - Shot by Erik Cole.
18:02 of 3rd period - Stopped by Scott Clemmensen without a rebound.
18:03 of 3rd period - Jarret Stoll wins face-off versus Frans Nielsen in Sharks zone.
18:24 of 3rd period - Icing by Marek Zidlicky.
18:25 of 3rd period - Brian Boyle wins face-off versus Jarret Stoll in Sharks zone.
19:00 of 3rd period - Icing by Marc Staal.
19:01 of 3rd period - Jeff Skinner wins face-off versus Brian Boyle in Jets zone.


Output by the SimonT Hockey Simulator (STHS) for Stephane Roy -- Original Page W3C XHTML 1.0 Valid